 Dungeon Crawl Stone Soup version 0.25-a0-1133-g93ebf739aa (webtiles) character file.

Game seed: 14548443382447472652, levelgen mode: deterministic

678 vurker the Ducker (level 7, 0/81 HPs)
             Began as a Human Artificer on May 20, 2020.
             Shot with an arrow by a centaur (2 damage)
             ... on level 5 of the Dungeon.
             The game lasted 00:07:19 (5537 turns).

vurker the Ducker (Human Artificer)                 Turns: 5537, Time: 00:07:19

Health: 0/81       AC: 23    Str: 16    XL:     7   Next: 91%
Magic:  10/10      EV:  2    Int: 11    God:
Gold:   280        SH:  0    Dex: 20    Spells: 6/6 levels left

rFire    + . .     SeeInvis .   s - +2 hand axe (elec)
rCold    + . .     Gourm    .   (no shield)
rNeg     + + +     Faith    .   (armour currently unavailable)
rPois    +         Spirit   .   (helmet currently unavailable)
rElec    +         Reflect  .   (cloak currently unavailable)
rCorr    +         Harm     .   (gloves currently unavailable)
MR       .....     NoTele   +   (boots currently unavailable)
Stlth    ++........             (no amulet)
HPRegen  0.23/turn              w - +6 ring of dexterity
MPRegen  0.12/turn              (no ring)

@: brilliant, tree-form, resistant
A: rugged brown scales 1, strong 1
a: no special abilities


You were on level 5 of the Dungeon.
You were not hungry.
You were a tree.
You visited 1 branch of the dungeon, and saw 5 of its levels.

You collected 280 gold pieces.

Inventory:

Hand Weapons
 a - a +0 short sword
 s - a +2 hand axe of electrocution (weapon)
   (You took it off an orc on level 3 of the Dungeon)
Armour
 f - a +0 pair of gloves
   (You found it on level 5 of the Dungeon)
 g - a +1 scale mail of fire resistance (melded)
   (You found it on level 1 of the Dungeon)
Jewellery
 w - a +6 ring of dexterity (left branch)
   (You found it on level 4 of the Dungeon)
Wands
 d - a wand of enslavement (14)
 t - a wand of flame (25)
Scrolls
 b - a scroll of teleportation {unknown}
 h - a scroll of random uselessness {unknown}
 i - 5 scrolls of identify {unknown}
 l - a scroll of remove curse {unknown}
 m - a scroll of immolation {unknown}
 n - a scroll of amnesia {unknown}
 p - 2 scrolls of enchant weapon {unknown}
 q - 2 scrolls of enchant armour {unknown}
 r - a scroll of fog {unknown}
 x - a scroll of blinking {unknown}
Potions
 j - a potion of lignification
 o - 2 potions of flight
Comestibles
 e - 10 rations


   Skills:
 + Level 3.7 Fighting
 - Level 1.0 Short Blades
 + Level 3.3 Armour
 - Level 5.0 Dodging
 - Level 1.0 Stealth
 + Level 5.0 Evocations


You had 6 spell levels left.
You didn't know any spells.
Your spell library contained the following spells:

 Spells                   Type           Power        Failure   Level  Hunger
 Confusing Touch          Hex            #.......     71%         3    None
 Gell's Gravitas          Tloc           #.........   71%         3    None
 Petrify                  Tmut/Erth      #.......     98%         4    None
 Metabolic Englaciation   Hex/Ice        #.........   100%        5    None
 Yara's Violent Unravell  Hex/Tmut       #.........   100%        5    None


Dungeon Overview and Level Annotations

Branches:
Dungeon (5/15)
 Temple: D:4-7

Altars:
Elyvilon
Trog
Yredelemnul

Annotations:
D:5 Prince Ribbit


Innate Abilities, Weirdness & Mutations

(You are partially covered in rugged brown scales. (AC +1, +3% HP))
((Your flesh is cold resistant. (rC+)))
((You are resistant to electric shocks. (rElec)))
Your muscles are strong. (Str +2)


Message History

You see here an arrow.
The centaur unwields a +0 shortbow.
The centaur wields a +0 war axe.
The centaur hits you with a +0 war axe!
* * * LOW HITPOINT WARNING * * *
You see here an arrow.
You hit the centaur. Lightning courses through the centaur!
The centaur hits you with a +0 war axe.
* * * LOW HITPOINT WARNING * * *
The centaur barely misses you.
You hit the centaur. The centaur hits you with a +0 war axe.
* * * LOW HITPOINT WARNING * * *
You closely miss the centaur. The centaur hits you with a +0 war axe!
* * * LOW HITPOINT WARNING * * *
The centaur barely misses you.
You hit the centaur.
You kill the centaur!
Your Evocations skill increases to level 5!
There is an escape hatch in the floor here.
A hippogriff comes into view.
There is an escape hatch in the floor here.
The centaur wields a +0 shortbow.
The centaur shoots an arrow.
The arrow hits you!
* * * LOW HITPOINT WARNING * * *
You see here an arrow.
There is an escape hatch in the floor here.
It was a potion of flight.
You feel very buoyant.
You fly up into the air.
It was a potion of lignification.
You turn into a tree.
Your +1 scale mail of fire resistance melds into your body.
You feel less resistant to fire.
Your roots penetrate the ground.
It was a potion of resistance.
You feel protected.
It was a potion of magic.
Magic courses through your body.
The centaur shoots an arrow.
The arrow hits you but does no damage.
It was a potion of brilliance.
You feel clever all of a sudden.
The centaur shoots an arrow.
The arrow hits you but does no damage.
It was a potion of mutation.
You feel extremely strange.
Rugged brown scales grow over part of your body.
You feel resistant to cold.
You feel stronger.
You feel insulated.
The centaur shoots an arrow.
The arrow hits you but does no damage.
The centaur shoots an arrow.
The arrow hits you but does no damage.
The centaur shoots an arrow.
The arrow hits you.
* * * LOW HITPOINT WARNING * * *
The centaur shoots an arrow.
The arrow hits you but does no damage.
The centaur shoots an arrow.
The arrow hits you.
* * * LOW HITPOINT WARNING * * *
The centaur shoots an arrow.
The arrow hits you.
You die...

## #.#.####.#..### .##
#.....##.#.## ######...
..###.c.#..#...####........
...##<..##.....)...)# ..
........c.....####### ...H
...##.........# ####.....
##..........(#######........
##...(........##....##.#...
# ###.#####.((.#♣.#### # #.#
#.)c.>.....# # #.#
#..######..... # #.# #..#
#..#### # ### #..# #.## #
####.## #..## .. ......###
...## ### #..#...####..#
#....#....##.#


You could see a centaur.

Vanquished Creatures
  Duvessa (D:5)
  An ogre (D:5)
  A centaur (D:5)
  Dowan (D:5)
  A centaur zombie (D:5)
  An orc priest (D:5)
  2 iguanas
  An orc wizard (D:3)
  A worker ant (D:5)
  3 gnolls
  7 adders
  An ooze (D:5)
  2 adder zombies (D:5)
  2 dart slugs
  5 leopard geckos
  5 orcs
  A ball python (D:4)
  10 giant cockroaches
  9 goblins
  7 hobgoblins
  6 kobolds
  5 quokkas
  8 bats
  6 frilled lizards
  A rat (D:1)
88 creatures vanquished.

Notes
Turn   | Place    | Note
-------+----------+-------------------------------------------
     0 | D:1      | vurker the Human Artificer began the quest for the Orb.
     0 | D:1      | Reached XP level 1. HP: 15/15 MP: 3/3
   190 | D:1      | Reached XP level 2. HP: 16/21 MP: 4/4
   560 | D:1      | Reached XP level 3. HP: 23/26 MP: 5/5
   986 | D:2      | Reached skill level 1 in Armour
  1463 | D:2      | Reached XP level 4. HP: 33/33 MP: 6/6
  2449 | D:2      | Reached XP level 5. HP: 11/38 MP: 7/7
  3070 | D:3      | Found a bloodstained altar of Trog.
  3936 | D:3      | Reached XP level 6. HP: 43/46 MP: 8/8
  4275 | D:4      | Found a basalt altar of Yredelemnul.
  4633 | D:4      | Found a white marble altar of Elyvilon.
  4774 | D:5      | Entered Level 5 of the Dungeon
  4774 | D:5      | Noticed Prince Ribbit
  5112 | D:5      | Noticed Duvessa
  5120 | D:5      | Killed Duvessa
  5120 | D:5      | Reached XP level 7. HP: 31/52 MP: 10/10
  5219 | D:5      | Noticed Dowan
  5226 | D:5      | Killed Dowan
  5325 | D:5      | Got an iridescent hand axe
  5326 | D:5      | Identified the +3 hand axe of Prudence {antimagic, +Rage
                  | rPois Str-5 Dex+3} (You found it on level 5 of the Dungeon)
  5348 | D:5      | Reached skill level 5 in Dodging
  5502 | D:5      | Reached skill level 5 in Evocations
  5516 | D:5      | Noticed a hippogriff
  5524 | D:5      | HP: 1/53 [centaur/arrow (7)]
  5534 | D:5      | Gained mutation: You are partially covered in rugged brown
                  | scales. (AC +1, +3% HP) [potion of mutation]
  5534 | D:5      | Gained mutation: Your flesh is cold resistant. (rC+)
                  | [potion of mutation]
  5534 | D:5      | Gained mutation: Your muscles are strong. (Str +2) [potion
                  | of mutation]
  5534 | D:5      | Gained mutation: You are resistant to electric shocks.
                  | (rElec) [potion of mutation]
  5535 | D:5      | HP: 4/81 [centaur/arrow (1)]
  5537 | D:5      | Shot with an arrow by a centaur

Illustrated notes

Levels and vault maps discovered:
D:1:      dpeg_arrival_refuge, layout_loops_ring, minmay_tetromino_i2
D:2:      layout_loops_cross, serial_forest, infiniplex_forest_lined_corner,
          infiniplex_forest_straight_3, infiniplex_forest_corner_2,
          infiniplex_forest_clump_double, infiniplex_forest_straight_2,
          infiniplex_forest_lined_3_way, infiniplex_forest_end_3
D:3:      layout_loops_ring, trog_three_pillars_becter
D:4:      layout_cave_pools, kennysheep_ying_yang
D:5:      layout_rooms, nicolae_overflow_hidden_temple,
          eat_drink_and_be_merry_uskayaw, fedhas_bush_and_centaur_altar,
          temple_doors_e, first_ration, lemuel_flame_loot_1,
          uniq_prince_ribbit1, uniq_duvessa

Skill      XL: |  1  2  3  4  5  6  7 |
---------------+----------------------+-----
Armour         | 1 2 3 |  3.3
Dodging        | 3 4 5 |  5.0
Fighting       | 2 3 |  3.7
Evocations     | 4 5 |  5.0
Short Blades   | |  1.0
Stealth        | |  1.0

Action                   |  1- 3 |  4- 6 |  7- 9 || total
-------------------------+-------+-------+-------++-------
Melee: Short sword       |   149 |   214 |       ||   363
       Hand axe          |       |    39 |    18 ||    57
Evoke: Wand              |       |    10 |     7 ||    17
  Use: Potion            |       |       |     6 ||     6
 Stab: Paralysed         |       |     3 |       ||     3
  Eat: Chunk             |     2 |    11 |     2 ||    15
Armor: Scale mail        |   100 |   106 |     4 ||   210
       Skin              |       |       |     5 ||     5
Dodge: Dodged            |    94 |   143 |     9 ||   246

Table legend:
 A = Non-vault XP
 B = Vault XP
 C = Vault XP percentage of total XP
 D = Non-vault monster count
 E = Vault monster count
 F = Vault count percentage of total count
                 A         B        C        D         E       F
            +---------+---------+-------+---------+---------+-------
      Total |     628 |     341 |  35.2 |      84 |       4 |   4.5
            +---------+---------+-------+---------+---------+-------
        D:1 |      35 |       3 |   7.9 |      18 |       1 |   5.3
        D:2 |      97 |       0 |   0.0 |      29 |       0 |   0.0
        D:3 |     136 |       0 |   0.0 |      21 |       0 |   0.0
        D:4 |      42 |       0 |   0.0 |       4 |       0 |   0.0
        D:5 |     318 |     338 |  51.5 |      12 |       3 |  20.0
            +---------+---------+-------+---------+---------+-------
